 Dungeon Crawl Stone Soup version 0.19-a0-739-gf2af308 (webtiles) character file.

2275 Ordine the Martial Artist (level 9, -1/59 HPs)
             Began as an Octopode Monk on June 23, 2016.
             Was a Priest of Cheibriados.
             Slain by an orc
             ... wielding a +0 trident
              (7 damage)
             ... on level 7 of the Dungeon.
             The game lasted 00:20:41 (6456 turns).

Ordine the Martial Artist (Octopode Monk)           Turns: 6456, Time: 00:20:41

Health: -1/59      AC:  1    Str: 17    XL:     9   Next: 39%
Magic:  0/9        EV: 15    Int: 23    God:    Cheibriados [***...]
Gold:   765        SH:  0    Dex: 21    Spells: 1 memorised, 5 levels left

rFire  . . .     SeeInvis .       - Unarmed
rCold  . . .     Gourm    .     (no shield)
rNeg   . . .     Faith    .     (helmet restricted)
rPois  .         Spirit   +     h - amulet of guardian spirit
rElec  .         Dismiss  .     m - ring of wizardry
rCorr  .         Reflect  .     (no ring)
SustAt .         Harm     .     (no ring)
MR     .....                    (no ring)
Stlth  ++++......               (no ring)
                                (no ring)
                                (no ring)
                                (no ring)

@: very slow, not resistant to hostile enchantments, stealthy
A: almost no armour, amphibious, 8 rings, constrict 8, camouflage 1, gelatinous
body 1
a: Bend Time, Temporal Distortion, Renounce Religion


You were on level 7 of the Dungeon.
You worshipped Cheibriados.
Cheibriados was most pleased with you.
You were not hungry.

You visited 2 branches of the dungeon, and saw 8 of its levels.

You collected 765 gold pieces.

Inventory:

Jewellery
 h - an amulet of guardian spirit (around mantle)
 m - a ring of wizardry (left tentacle)
Wands
 k - a wand of slowing (20/48)
 o - a wand of digging (14/24)
 q - a wand of polymorph (8/24)
Scrolls
 c - a scroll of blinking
 i - 2 scrolls of recharging
 j - a scroll of magic mapping
 l - a scroll of enchant armour
 p - 2 scrolls of teleportation
 u - a scroll of remove curse
 w - a scroll of fear
Potions
 n - 4 potions of flight
 r - 2 potions of magic
Books
 t - a book of Frost

   Spells                             Type                      Level
   a - Freeze                         Ice                          1
   b - Throw Frost                    Conjuration/Ice              2
   c - Ozocubu's Armour               Charms/Ice                   3
   d - Throw Icicle                   Conjuration/Ice              4
   e - Summon Ice Beast               Ice/Summoning                4
 x - a book of the Tempests

   Spells                             Type                      Level
   a - Static Discharge               Conjuration/Air              3
   b - Lightning Bolt                 Conjuration/Air              5
   c - Fireball                       Conjuration/Fire             5
   d - Tornado                        Air                          9
   e - Shatter                        Earth                        9
Comestibles
 a - 6 bread rations
 d - a slice of pizza
 f - 3 meat rations


   Skills:
 + Level 4.6 Fighting
 + Level 4.6 Dodging
 - Level 4.0 Stealth
 - Level 11.2 Unarmed Combat


You had 5 spell levels left.
You knew the following spells:

 Your Spells              Type           Power        Failure   Level  Hunger
a - Ozocubu's Armour      Chrm/Ice       #.......     21%         3    ####...


Dungeon Overview and Level Annotations

Branches:
Dungeon (7/15)             Temple (1/1) D:6

Altars:
Ashenzari
Cheibriados
Dithmenos
Elyvilon
Gozag
Hepliaklqana
Makhleb
Nemelex Xobeh
Okawaru
Qazlal
Ru
Sif Muna
Trog
Vehumet
Xom
Yredelemnul
Zin
The Shining One

Annotations:
D:5 SirSavien's ghost, novice GrMo


Innate Abilities, Weirdness & Mutations

You cannot wear most types of armour.
You are amphibious.
You can wear up to eight rings at the same time.
You can use your tentacles to constrict eight enemies at once.
Your skin changes colour to match your surroundings (Stealth+).
Your rubbery body absorbs attacks. (AC +1)


Message History

an arrow; a giant frog corpse You bludgeon the orc!
You kill the orc!
Cheibriados appreciates the change of pace.
An orc comes into view. It is wielding a trident.
The orc barely misses you.
Items here: ( )) †† a shortbow; 9 arrows; a flail; a centaur corpse; a gnoll corpse You bludgeon the orc!
You kill the orc!
Cheibriados appreciates the change of pace.
The orc hits you from afar with a trident!
* * * LOW HITPOINT WARNING * * *
The orc hits you but does no damage.
Items here: )) [ † a dagger; a leather armour; a short sword; an orc corpse Unknown command.
You closely miss the orc. You grab the orc. You constrict the orc.
The orc hits you with a trident!
You die...

#.#.#.####..##.. # #.#.#.#
#..##.. #. #.#.#.# #..##..
##.# #.#.#.####..##..
####...####.#.........##..
................####.###..
#......#.#####...###.####.
.....................^....
.#....#.o@)###...###.#####
.........#)# ##.## #.#
.#..#...#(# #.# ..#
.......)##)# #.# #.##
...##........>...... .
.....##.####.###.
#..#.....# #. #.
........... .#....#..##.


You could see an orc.

Vanquished Creatures
  An ugly thing (D:6)
  A gargoyle (D:6)
  A sky beast (D:6)
  2 phantoms
  A wasp (D:6)
  An orc warrior (D:6)
  2 centaurs
  A big kobold (D:6)
  A giant frog (D:7)
  3 howler monkeys
  2 crimson imps
  A gnoll shaman (D:5)
  2 giant frog zombies
  2 hounds (D:6)
  2 jellies (D:5)
  An orc priest (D:5)
  An iguana (D:6)
  3 worker ants
  A hound zombie (D:6)
  A hound skeleton (D:4)
  A howler monkey zombie (D:6)
  5 gnolls
  2 howler monkey skeletons
  4 adders
  5 shadow imps
  4 oozes
  3 adder skeletons
  2 worms (D:2)
  2 dart slugs (D:1)
  3 giant geckos
  13 orcs
  A ball python (D:2)
  3 bats
  7 giant cockroaches
  4 goblins
  5 hobgoblins
  11 jackals
  A giant gecko skeleton (D:6)
  5 giant newts
  7 kobolds
  2 rats
120 creatures vanquished.

Vanquished Creatures (collateral kills)
  2 gnolls (D:5)
  An adder zombie (D:5)
  2 orcs (D:5)
5 creatures vanquished.

Grand Total: 125 creatures vanquished

Notes
Turn   | Place    | Note
--------------------------------------------------------------
     0 | D:1      | Ordine the Octopode Monk began the quest for the Orb.
     0 | D:1      | Reached XP level 1. HP: 16/16 MP: 1/1
   137 | D:1      | Reached XP level 2. HP: 21/21 MP: 2/2
   368 | D:1      | Reached XP level 3. HP: 26/26 MP: 3/3
   800 | D:2      | Reached skill level 4 in Unarmed Combat
  1107 | D:2      | You fall through a shaft!
  1148 | D:3      | Found a glowing golden altar of the Shining One.
  1433 | D:3      | Reached XP level 4. HP: 31/31 MP: 4/4
  1502 | D:3      | Found a sparkling altar of Nemelex Xobeh.
  1908 | D:4      | Learned a level 3 spell: Ozocubu's Armour
  2290 | D:4      | Reached skill level 5 in Unarmed Combat
  2290 | D:4      | Reached XP level 5. HP: 36/36 MP: 5/5
  2435 | D:5      | Entered Level 5 of the Dungeon
  2444 | D:5      | Noticed a phantom
  2556 | D:5      | Noticed SirSavien's ghost (novice GrMo)
  2831 | D:5      | Reached skill level 6 in Unarmed Combat
  2836 | D:5      | Reached XP level 6. HP: 10/42 MP: 6/6
  3475 | D:5      | Found a sacrificial altar of Ru.
  3488 | D:5      | Reached skill level 7 in Unarmed Combat
  3563 | D:5      | Reached XP level 7. HP: 26/46 MP: 7/7
  4106 | D:5      | Reached skill level 8 in Unarmed Combat
  4414 | D:6      | Found a staircase to the Ecumenical Temple.
  4428 | Temple   | Entered the Ecumenical Temple
  4586 | Temple   | Became a worshipper of Cheibriados the Contemplative
  4586 | Temple   | Reached * piety under Cheibriados
  4586 | Temple   | Reached ** piety under Cheibriados
  5218 | D:6      | Reached skill level 9 in Unarmed Combat
  5218 | D:6      | Reached XP level 8. HP: 51/52 MP: 8/8
  5325 | D:6      | Found a shimmering altar of Xom.
  5333 | D:6      | Found a stormy altar of Qazlal.
  5490 | D:7      | Found a deep blue altar of Sif Muna.
  5744 | D:6      | Noticed a brown ugly thing
  5762 | D:6      | Killed a brown ugly thing
  5762 | D:6      | Reached skill level 10 in Unarmed Combat
  5810 | D:6      | Paralysed by a wasp for 1 turns
  5815 | D:6      | Reached XP level 9. HP: 12/57 MP: 3/9
  6188 | D:6      | Noticed a gargoyle
  6211 | D:6      | Reached *** piety under Cheibriados
  6215 | D:6      | Killed a gargoyle
  6215 | D:6      | Reached skill level 11 in Unarmed Combat
  6456 | D:7      | Slain by an orc

Vault maps used:
D:1:      eino_arrival_water_cross
D:2:      minmay_tetromino_t2
D:3:      nicolae_overflow_crystal_walls, nemelex_xobeh_ov_fountains_minmay,
          first_bread
D:5:      lemuel_round_altar, serial_bayou, serial_bayou_shore_b,
          serial_bayou_pond_b, serial_bayou_pond_e
D:6:      minmay_klotski, amethyst_overflow_temple_binary
D:7:      johnstein_pakellas_shop, old_standard_altar,
          minmay_misc_feat_more_columns
Temple:   minmay_temple_bridge_abc

Skill      XL: |  1  2  3  4  5  6  7  8  9 |
---------------+----------------------------+-----
Stealth        | 3 4 |  4.0
Unarmed Combat | 4 5 6 7 9 10 11 | 11.2
Fighting       | 4 |  4.6
Dodging        | 4 |  4.6

Action                   |  1- 3 |  4- 6 |  7- 9 || total
-------------------------+-------+-------+-------++-------
Melee: Unarmed           |    63 |   107 |   144 ||   314
       Constrict         |    15 |    25 |    27 ||    67
       Tentacles         |    13 |    28 |    22 ||    63
       Punch             |     3 |     4 |    13 ||    20
 Cast: Ozocubu's Armour  |       |     2 |     1 ||     3
  Use: Scroll            |    12 |     4 |     8 ||    24
       Potion            |       |     1 |     7 ||     8
 Stab: Sleeping          |    13 |     9 |     5 ||    27
       Distracted        |       |       |     2 ||     2
  Eat: Chunk             |     2 |     6 |     1 ||     9
       Bread ration      |       |       |     1 ||     1
       Beef jerky        |       |       |     1 ||     1
Armor: Skin              |     1 |     7 |    36 ||    44
Dodge: Dodged            |    33 |    56 |    79 ||   168
